 Dungeon Crawl Stone Soup version 0.32-a0-42-ga30500b4d3 (webtiles) character file.

Game seed: 15022050604204666976

2912 grandjackal the Fighter (level 9, -1/77 HPs)
             Began as a Demonspawn Gladiator on Jan 29, 2024.
             Was an Initiate of Nemelex Xobeh.
             Slain by a manticore (8 damage)
             ... on level 6 of the Dungeon.
             The game lasted 00:11:56 (6905 turns).

grandjackal the Fighter (Demonspawn Gladiator)      Turns: 6905, Time: 00:11:58

Health: -1/77      AC:  9    Str: 15    XL:     9   Next: 49%
Magic:  9/10       EV: 12    Int:  9    God:    Nemelex Xobeh [......]
Gold:   217        SH:  5    Dex: 18    Spells: 8/8 levels left

rFire   . . .        C - +4 great sword
rCold   . . .        (shield currently unavailable)
rNeg    . . .        t - +2 ring mail {rPois}
rPois   +            (helmet restricted)
rElec   .            (no cloak)
rCorr   +            (no gloves)
SInv    .            (no boots)
Will    .....        h - amulet of reflection
Stlth   +            f - ring of poison resistance
HPRegen 0.32/turn    r - ring of resist corrosion
MPRegen 0.12/turn

%: reflection
@: slowed, very slow
A: horns 1, thin metallic scales 1, demonic guardian 1, ignite blood 1
a: Renounce Religion, Draw Escape, Draw Destruction, Draw Summoning


You were on level 6 of the Dungeon.
You worshipped Nemelex Xobeh.
Nemelex Xobeh was noncommittal.
You visited 2 branches of the dungeon, and saw 7 of its levels.

You collected 217 gold pieces.

Inventory:

Hand Weapons
 a - a +0 long sword
 b - a +1 short sword of venom
 k - a +0 sling
 m - a +0 scimitar
 s - a +0 dagger of venom
 C - a +4 great sword (weapon)
Missiles
 d - 2 throwing nets (quivered)
 e - a javelin
Armour
 t - a +2 ring mail of poison resistance (worn)
 v - a +2 kite shield
Jewellery
 f - a ring of poison resistance (left hand)
 h - an amulet of reflection (around neck)
 r - a ring of resist corrosion (right hand)
Scrolls
 c - 2 scrolls of enchant armour {unknown}
 g - a scroll of poison {unknown}
 i - 6 scrolls of noise {unknown}
 j - 2 scrolls of fear {unknown}
 l - a scroll of revelation {unknown}
 p - a scroll of identify
 q - a scroll of immolation {unknown}
 u - a scroll of teleportation
 x - 2 scrolls of blinking {unknown}
 y - a scroll of brand weapon {unknown}
 B - a scroll of amnesia {unknown}
Potions
 n - 3 potions of curing
 o - 2 potions of attraction
 w - a potion of might
 z - a potion of magic
 A - a potion of enlightenment


   Skills:
 + Level 9.4 Fighting
 - Level 2.8 Long Blades
 + Level 8.1 Ranged Weapons
 - Level 2.0 Throwing
 - Level 1.1 Armour
 - Level 3.2 Dodging
 + Level 1.4 Invocations


You had 8 spell levels left.
You didn't know any spells.
Your spell library contained the following spells:

 Spells                   Type           Power      Damage    Failure   Level
 Apportation              Tloc           0%         N/A       63%         1
 Magic Dart               Conj           0%         1d3       63%         1
 Necrotise                Necr           0%         1d4       63%         1
 Sting                    Conj/Alch      0%         1d3       63%         1
 Summon Small Mammal      Summ           0%         N/A       63%         1
 Blink                    Tloc           0%         N/A       77%         2
 Call Imp                 Summ           0%         N/A       77%         2
 Jinxbite                 Hex            0%         N/A       77%         2
 Animate Dead             Necr           0%         N/A       100%        4
 Borgnjor's Vile Clutch   Necr/Erth      0%         N/A       100%        5
 Yara's Violent Unravell  Hex/Alch       0%         3d3       100%        5
 Death Channel            Necr           0%         N/A       100%        6
 Enfeeble                 Hex            0%         N/A       100%        7


Dungeon Overview and Level Annotations

Branches:
Dungeon (6/15)             Temple (1/1) D:5

Altars:
Ashenzari
Fedhas
Hepliaklqana
Kikubaaqudgha
Nemelex Xobeh
Qazlal
Ru
Sif Muna
Uskayaw
Vehumet
Wu Jian
Xom
Yredelemnul

Portals:
Abyss: D:3

Annotations:
D:3 2 transporters, hattop's ghost, amateur DrAl


Innate Abilities, Weirdness & Mutations

You have a pair of small horns on your head.
You are partially covered in thin metallic scales. (AC +2)
A weak demonic guardian rushes to your aid.
Your demonic aura sometimes causes spilled blood to erupt in flames.


Message History

Aim: a manticore (moderately wounded, 74% to hit)
You throw a throwing net. The throwing net hits the manticore.
The manticore is caught in the net!
The manticore is moderately wounded.
Your ufetubus closely misses the wraith. x2
The wraith is engulfed in blazing flames.
You destroy the wraith!
The manticore struggles against the net.
Your ufetubus hits the manticore. x2
The manticore struggles against the net.
Your life force feels restored.
Your Invocations skill increases to level 1!
You hit the manticore.
The manticore is heavily wounded.
You carefully extract the barbed spikes from your body.
Your ufetubus hits the manticore but does no damage. x3
Your ufetubus hits the manticore.
The manticore struggles against the net.
Your ufetubus hits the manticore. x2
The manticore struggles against the net.
Your ufetubus hits the manticore but does no damage. x2
You slash the manticore! You headbutt the manticore.
The manticore is almost dead.
Your ufetubus hits the manticore.
Your ufetubus hits the manticore but does no damage.
The manticore struggles against the net.
The net rips apart, and the manticore comes free!
Your ufetubus barely misses the manticore. x2
The manticore bites your ufetubus!!
Your ufetubus dies!
Your ufetubus disappears in a puff of smoke!
You closely miss the manticore.
The manticore is almost dead.
You block the manticore's attack.
The manticore claws you but does no damage.
The manticore misses you. The manticore bites you!
* * * LOW HITPOINT WARNING * * *
The manticore closely misses you. The manticore claws you!
You die...
Your body disappears without a glow.

####...####........#.........#...
...#.........................# ..
...#.........................# +
...#.........................##
...#.....)....##########......#
.....)........#▓▓▓▓▓▓▓ #......#
.....#........#▓⌠...⌠▓ #......#
.....#........#▓.....▓##†.....##
.<...#........#▓@°..©▓#........#
.....#........#▓H....▓#........#
#....#........#▓⌠...⌠▓#.........
..............#▓▓▓▓▓▓▓#....####.
..............##§.....#....#
..............##©_....'....#
..............##§.....#....#
..........#...#▓▓▓▓▓▓▓#....#
..........#...#▓⌠...⌠▓#....#


You could see a manticore.

Vanquished Creatures
  Pikel (D:5)
  A wraith (D:6)
  Eustachio (D:5)
  A steam dragon (D:4)
  Menkaure (D:4)
  Edmund (D:5)
  A sky beast (D:6)
  An ice beast (D:6)
  3 lemures
  A phantom (D:5)
  A bullfrog (D:5)
  A kobold brigand (D:6)
  2 scorpions
  8 wights
  A howler monkey (D:4)
  A gnoll bouda (D:5)
  2 hounds
  A jelly (D:5)
  4 orc wizards
  3 iguanas
  A sleepcap (D:5)
  Robin (D:3)
  8 adders
  6 gnolls
  2 ufetubi (D:5)
  2 dart slugs (D:1)
  6 orcs
  7 ball pythons
  5 bats
  9 endoplasms
  6 giant cockroaches
  14 goblins
  9 hobgoblins
  12 jackals
  8 kobolds
  5 quokkas
  11 rats
148 creatures vanquished.

Vanquished Creatures (collateral kills)
  A wyvern (D:4)
  A black bear (D:5)
  An iguana (D:5)
  A hobgoblin (D:3)
4 creatures vanquished.

Grand Total: 152 creatures vanquished

Notes
Turn   | Place    | Note
-------+----------+-------------------------------------------
     0 | D:1      | grandjackal the Demonspawn Gladiator began the quest for
                  | the Orb.
     0 | D:1      | Reached XP level 1. HP: 16/16 MP: 1/1
   101 | D:1      | Gained mutation: Your demonic aura sometimes causes spilled
                  | blood to erupt in flames. [demonic ancestry]
   101 | D:1      | Reached XP level 2. HP: 19/22 MP: 2/2
   569 | D:1      | Gained mutation: A weak demonic guardian rushes to your
                  | aid. [demonic ancestry]
   569 | D:1      | Reached XP level 3. HP: 28/28 MP: 3/3
   958 | D:2      | Reached skill level 1 in Armour
  1232 | D:2      | Reached skill level 3 in Fighting
  1293 | D:2      | Gained mutation: You have a pair of small horns on your
                  | head. [demonic ancestry]
  1293 | D:2      | Reached XP level 4. HP: 35/35 MP: 4/4
  1611 | D:3      | Found a one-way gate to the infinite horrors of the Abyss.
  1611 | D:3      | Noticed hattop's ghost (amateur DrAl)
  1682 | D:3      | Found a transporter.
  1720 | D:3      | Found a transporter.
  1884 | D:3      | Reached skill level 1 in Ranged Weapons
  1899 | D:3      | Noticed Robin
  1905 | D:3      | Killed Robin
  2288 | D:3      | Found a shimmering blue altar of Sif Muna.
  2323 | D:4      | Reached XP level 5. HP: 36/42 MP: 5/5
  2364 | D:4      | Found a blossoming altar of Fedhas.
  2443 | D:4      | Reached skill level 4 in Fighting
  2542 | D:4      | Reached XP level 6. HP: 36/49 MP: 6/6
  2986 | D:4      | Noticed a wyvern
  2986 | D:4      | Noticed a steam dragon
  3129 | D:4      | Killed a wyvern
  3130 | D:4      | Reached skill level 5 in Fighting
  3483 | D:4      | Reached XP level 7. HP: 56/56 MP: 7/7
  3720 | D:4      | Killed a steam dragon
  3825 | D:5      | Entered Level 5 of the Dungeon
  3922 | D:5      | Noticed Menkaure
  3957 | D:5      | HP: 1/57 [lemure[Pikel] (8)]
  4195 | D:4      | Killed Menkaure
  4196 | D:4      | Reached skill level 6 in Fighting
  4400 | D:5      | Noticed Eustachio
  4528 | D:5      | Killed Eustachio
  4529 | D:5      | Reached skill level 5 in Ranged Weapons
  4533 | D:5      | Reached XP level 8. HP: 12/65 MP: 8/8
  4717 | D:5      | Noticed Pikel
  4740 | D:5      | Killed Pikel
  4741 | D:5      | Reached skill level 7 in Fighting
  4827 | D:5      | Found a staircase to the Ecumenical Temple.
  4836 | Temple   | Entered the Ecumenical Temple
  4974 | D:5      | Found a broken altar of Ashenzari.
  4992 | D:5      | Found a sacrificial altar of Ru.
  5096 | D:5      | Reached skill level 8 in Fighting
  5098 | D:5      | Noticed Edmund
  5112 | D:5      | Killed Edmund
  5592 | D:5      | Gained mutation: You are partially covered in thin metallic
                  | scales. (AC +2) [demonic ancestry]
  5592 | D:5      | Reached XP level 9. HP: 70/75 MP: 9/9
  6046 | D:6      | Reached skill level 9 in Fighting
  6889 | D:6      | Found a sparkling altar of Nemelex Xobeh.
  6889 | D:6      | Found a transporter.
  6890 | D:6      | Noticed a manticore
  6896 | D:6      | Became a worshipper of Nemelex Xobeh the Trickster
  6903 | D:6      | Reached skill level 1 in Invocations
  6905 | D:6      | Slain by a manticore

Illustrated notes

Levels and vault maps discovered:
D:1:      dpeg_arrival_castle, layout_basic
D:2:      layout_basic
D:3:      layout_loops_ring, lemuel_blue_sif_altar,
          gammafunk_ghost_abyssal_escape, kennysheep_donut, uniq_robin
D:4:      layout_cave_pods, mainiacjoe_overflow_concentric_impassable,
          minmay_divided_ellipse
D:5:      layout_rooms, nicolae_ru_awakened_eye, ashenzari_conservatory_becter,
          minmay_temple_entry_waves, uniq_menkaure, uniq_pikel, uniq_eustachio,
          uniq_edmund
D:6:      layout_basic, grunt_nemelex_the_gamble, mainiacjoe_overflow_big_doors,
          chequers_serial_rivers_marsh, uniq_crazy_yiuf_cottage
Temple:   dpeg_chambers_temple

Skill      XL: |  1  2  3  4  5  6  7  8  9 |
---------------+----------------------------+-----
Throwing       | 2 |  2.0
Dodging        | 3 |  3.2
Armour         | 1 |  1.1
Fighting       | 3 4 5 6 8 9 |  9.4
Ranged Weapons | 1 2 3 5 7 8 |  8.1
Invocations    | 1 |  1.4
Long Blades    | |  2.8

Action                     |  1- 3 |  4- 6 |  7- 9 || total
---------------------------+-------+-------+-------++-------
  Melee: Long sword        |   102 |       |       ||   102
         Punch             |     1 |       |     1 ||     2
         Scimitar          |     8 |    56 |   155 ||   219
         Headbutt          |       |    12 |    37 ||    49
         Great sword       |       |       |    40 ||    40
   Fire: Sling             |       |   123 |   117 ||   240
  Throw: Throwing net      |       |     3 |     3 ||     6
    Use: Scroll            |       |     3 |       ||     3
         Potion            |       |       |     5 ||     5
   Stab: Sleeping          |     2 |       |       ||     2
         Distracted        |       |       |     1 ||     1
 Armour: Leather armour    |    49 |    72 |   116 ||   237
         Ring mail         |       |       |    88 ||    88
  Dodge: Dodged            |    64 |    75 |   149 ||   288
  Block: Other             |    14 |    28 |    80 ||   122
         Reflection        |     1 |       |     1 ||     2

Table legend: (Time is in decaauts)
 A = Elapsed time spent in this place.
 B = Non-inter-level travel time spent in this place.
 C = Inter-level travel time spent in this place.
 D = Time resting spent in this place.
 E = Time spent auto-exploring this place.
 F = Levels seen in this place.
 G = Mean time per level.
                   A        B        C        D        E       F      G
               +--------+--------+--------+--------+--------+-----+--------+
         Total |   7062 |   6979 |     83 |   1877 |   3474 |   7 | 1008.9 |
       Dungeon |   6984 |   6901 |     83 |   1877 |   3474 |   6 | 1164.0 |
        Temple |     77 |     77 |      0 |      0 |      0 |   1 |   77.0 |
               +--------+--------+--------+--------+--------+-----+--------+

Top non-repeatable levels by time:
     D:4: 2128 daAuts
     D:5: 1359 daAuts
     D:6: 1135 daAuts
     D:1: 852 daAuts
     D:2: 766 daAuts
     D:3: 741 daAuts
  Temple: 77 daAuts
